SA
SYRACUSE STORM @ YORK REVOLUTION
09/12/2034
 
TOP OF THE 1ST
Syracuse Storm batting - Pitching for York Revolution : RHP Jordan Guérin
Pitching: RHP Jordan Guérin
Batting: LHB Mitchell Pate 0-0: Foul Ball, location: 2F
0-1: Called Strike
0-2: Ball
1-2: Ball
2-2: Ball
3-2: Foul Ball, location: 2F
3-2: Foul Ball, location: 2F
3-2: SINGLE (Line Drive, 4M)
Batting: RHB Juan Perales 0-0: Ball
1-0: Ball
2-0: Called Strike
2-1: SINGLE (Line Drive, 89S)
Mitchell Pate to second
Runner from 2nd tries for 3rd, SAFE, no throw
Batting: LHB Tom Burton 0-0: Ball
1-0: Ball
2-0: Called Strike
2-1: Foul Ball, location: 2F
2-2: Strikes out swinging
Batting: RHB Sadakuno Hashimoto 0-0: Called Strike
0-1: Ball
1-1: Called Strike
1-2: Fly out, F8 (Flyball, 8LM)
Runner from 3rd tags up, SCORES, throw made
Batting: LHB Seung-min Sin 0-0: Called Strike
Juan Perales steals 2nd base
0-1: Ball
1-1: Foul Ball, location: 2F
1-2: Strikes out swinging
Top of the 1st over - 1 run, 2 hits, 0 errors, 1 left on base; Syracuse 1 - York 0
BOTTOM OF THE 1ST
York Revolution batting - Pitching for Syracuse Storm : RHP Donnie Rawling
Pitching: RHP Donnie Rawling
Batting: RHB Rich Stevens 0-0: Called Strike
0-1: Called Strike
0-2: SINGLE (Groundball, 56D)
Batting: SHB Eric Thomas 0-0: Ball
Rich Stevens is caught stealing 2nd base
1-0: Called Strike
1-1: Ball
2-1: Ball
3-1: Base on Balls
Batting: LHB Luis García 0-0: Called Strike
Eric Thomas is caught stealing 2nd base
0-1: Ball
1-1: Ball
2-1: Ground out 4-3 (Groundball, 4MD)
Bottom of the 1st over - 0 runs, 1 hit, 0 errors, 0 left on base; Syracuse 1 - York 0
TOP OF THE 2ND
Syracuse Storm batting - Pitching for York Revolution : RHP Jordan Guérin
Batting: RHB Adrián Medina 0-0: Foul Ball, location: 2F
0-1: Ground out 3-1 (Groundball, 34S)
Batting: RHB Miguel Román 0-0: Called Strike
0-1: Foul Ball, location: 2F
0-2: Fly out, F9 (Flyball, 9LM)
Batting: RHB Casey Brownlow 0-0: Ball
1-0: Ball
2-0: Ball
3-0: Called Strike
3-1: Base on Balls
Batting: RHB Ricardo Cardona Balk!
Casey Brownlow to second
0-0: Ball
1-0: Called Strike
1-1: Ground out 4-3 (Groundball, 4S)
Top of the 2nd over - 0 runs, 0 hits, 0 errors, 1 left on base; Syracuse 1 - York 0
BOTTOM OF THE 2ND
York Revolution batting - Pitching for Syracuse Storm : RHP Donnie Rawling
Batting: LHB Jack MacOmish 0-0: Ground out 3-1 (Groundball, 23)
Batting: RHB Juan Mateo 0-0: Ball
1-0: Ball
2-0: Called Strike
2-1: Ball
3-1: Swinging Strike
3-2: Strikes out swinging
Batting: RHB Michael Carter 0-0: Called Strike
0-1: Ball
1-1: Called Strike
1-2: Strikes out swinging
Bottom of the 2nd over - 0 runs, 0 hits, 0 errors, 0 left on base; Syracuse 1 - York 0
TOP OF THE 3RD
Syracuse Storm batting - Pitching for York Revolution : RHP Jordan Guérin
Batting: LHB Mitchell Pate 0-0: Ball
1-0: Ball
2-0: Ball
3-0: Called Strike
3-1: Swinging Strike
3-2: Strikes out looking
Batting: RHB Juan Perales 0-0: Ball
1-0: Swinging Strike
1-1: Ball
2-1: Swinging Strike
2-2: Foul Ball, location: 2F
2-2: Ball
3-2: Base on Balls
Batting: LHB Tom Burton 0-0: Ball
1-0: Ball
2-0: Ball
Wild Pitch!
Juan Perales to second
3-0: Called Strike
3-1: Fly out, F7 (Line Drive, 7D)
Runner from 2nd tags up, SAFE at 3rd, no throw
Batting: RHB Sadakuno Hashimoto 0-0: Foul Ball, location: 2F
0-1: Foul Ball, location: 2F
0-2: Ball
1-2: 2-RUN HOME RUN (Flyball, 7D), Distance : 390 ft
Batting: LHB Seung-min Sin 0-0: Ball
1-0: Ball
2-0: Called Strike
2-1: Fly out, F8 (Line Drive, 8LD)
Top of the 3rd over - 2 runs, 1 hit, 0 errors, 0 left on base; Syracuse 3 - York 0
BOTTOM OF THE 3RD
York Revolution batting - Pitching for Syracuse Storm : RHP Donnie Rawling
Batting: LHB José Soriano 0-0: Fly out, F7 (Flyball, 78S)
Batting: RHB Stephen Warren 0-0: Called Strike
0-1: Called Strike
0-2: Ball
1-2: Ball
2-2: Foul Ball, location: 2F
2-2: Ball
3-2: Strikes out swinging
Batting: RHB Tome Uso 0-0: Ground out 6-3 (Groundball, 6M)
Bottom of the 3rd over - 0 runs, 0 hits, 0 errors, 0 left on base; Syracuse 3 - York 0
TOP OF THE 4TH
Syracuse Storm batting - Pitching for York Revolution : RHP Jordan Guérin
Batting: RHB Adrián Medina 0-0: Foul Ball, location: 2F
0-1: Ground out 5-3 (Groundball, 5)
Batting: RHB Miguel Román 0-0: Ball
1-0: Called Strike
1-1: Ball
2-1: Foul Ball, location: 2F
2-2: Strikes out swinging
Batting: RHB Casey Brownlow 0-0: Ball
1-0: Ball
2-0: Called Strike
2-1: Ball
3-1: Called Strike
3-2: Base on Balls
Batting: RHB Ricardo Cardona 0-0: Called Strike
Casey Brownlow steals 2nd base
0-1: Ball
1-1: Called Strike
1-2: Strikes out swinging
Top of the 4th over - 0 runs, 0 hits, 0 errors, 1 left on base; Syracuse 3 - York 0
BOTTOM OF THE 4TH
York Revolution batting - Pitching for Syracuse Storm : RHP Donnie Rawling
Batting: RHB Rich Stevens 0-0: Called Strike
0-1: Ball
1-1: Ball
2-1: Foul Ball, location: 2F
2-2: Ball
3-2: DOUBLE (Line Drive, 7LS)
Batting: SHB Eric Thomas 0-0: SINGLE (Line Drive, 89S)
Rich Stevens to third
Batting: LHB Luis García 0-0: Called Strike
0-1: Foul Ball, location: 2F
0-2: Ball
1-2: Foul Ball, location: 2F
1-2: Ground out 5-3 (Groundball, 5S)
Rich Stevens scores
Eric Thomas to second
Batting: LHB Jack MacOmish 0-0: Called Strike
0-1: Ball
1-1: Foul Ball, location: 2F
1-2: Reached on error, E6 (Groundball, 6)
Eric Thomas scores
Batting: RHB Juan Mateo 0-0: Ground out 5-3 (Groundball, 5)
Batting: RHB Michael Carter 0-0: Foul Ball, location: 2F
0-1: Fly out, F3 (Popup, 3SF)
Bottom of the 4th over - 2 runs, 2 hits, 1 error, 1 left on base; Syracuse 3 - York 2
TOP OF THE 5TH
Syracuse Storm batting - Pitching for York Revolution : RHP Jordan Guérin
Batting: LHB Mitchell Pate 0-0: Foul Ball, location: 2F
0-1: Ball
1-1: Ball
2-1: Swinging Strike
2-2: Foul Ball, location: 2F
2-2: Strikes out looking
Batting: RHB Juan Perales 0-0: Called Strike
0-1: Ball
1-1: Ground out 4-3 (Groundball, 4)
Batting: LHB Tom Burton 0-0: Foul Ball, location: 2F
0-1: Ball
1-1: Swinging Strike
1-2: Ball
2-2: Ball
3-2: Fly out, F7 (Flyball, 7LM)
Top of the 5th over - 0 runs, 0 hits, 0 errors, 0 left on base; Syracuse 3 - York 2
BOTTOM OF THE 5TH
York Revolution batting - Pitching for Syracuse Storm : RHP Donnie Rawling
Batting: LHB José Soriano 0-0: Ball
1-0: Ball
2-0: Called Strike
2-1: DOUBLE (Line Drive, 7LD)
Batting: RHB Stephen Warren 0-0: Swinging Strike
0-1: Swinging Strike
0-2: Ball
1-2: Ball
2-2: Strikes out swinging
Batting: RHB Tome Uso 0-0: Called Strike
0-1: Called Strike
0-2: Strikes out swinging
Batting: RHB Rich Stevens 0-0: Ball
1-0: Ball
2-0: Foul Ball, location: 2F
2-1: Foul Ball, location: 2F
2-2: Foul Ball, location: 2F
2-2: Hit by Pitch
Batting: SHB Eric Thomas 0-0: Ball
1-0: Ball
2-0: SINGLE (Line Drive, 9S)
José Soriano to third
Rich Stevens to second
Runner from 3rd tries for Home, SAFE, no throw
Batting: LHB Luis García 0-0: Called Strike
0-1: Foul Ball, location: 2F
0-2: Ball
1-2: Foul Ball, location: 2F
1-2: Foul Ball, location: 2F
1-2: Foul Ball, location: 2F
1-2: Ball
2-2: 3-RUN HOME RUN (Flyball, 7LD), Distance : 352 ft
Batting: LHB Jack MacOmish 0-0: Ball
1-0: Swinging Strike
1-1: Called Strike
1-2: Ball
2-2: Foul Ball, location: 2F
2-2: Strikes out swinging
Bottom of the 5th over - 4 runs, 3 hits, 0 errors, 0 left on base; Syracuse 3 - York 6
TOP OF THE 6TH
Syracuse Storm batting - Pitching for York Revolution : RHP Jordan Guérin
Batting: RHB Sadakuno Hashimoto 0-0: Called Strike
0-1: Ball
1-1: Called Strike
1-2: Foul Ball, location: 2F
1-2: Ball
2-2: Ball
3-2: Base on Balls
Pitching: RHP Ricardo Morales
Batting: LHB Seung-min Sin 0-0: Ball
Sadakuno Hashimoto is caught stealing 2nd base
1-0: Ball
2-0: Ball
3-0: Called Strike
3-1: Called Strike
3-2: Ground out 4-3 (Groundball, 4)
Batting: RHB Adrián Medina 0-0: Ball
1-0: Called Strike
1-1: Swinging Strike
1-2: Foul Ball, location: 2F
1-2: Strikes out swinging
Top of the 6th over - 0 runs, 0 hits, 0 errors, 0 left on base; Syracuse 3 - York 6
BOTTOM OF THE 6TH
York Revolution batting - Pitching for Syracuse Storm : RHP Donnie Rawling
Batting: RHB Juan Mateo 0-0: Called Strike
0-1: Ball
1-1: Ball
2-1: Foul Ball, location: 2F
2-2: Strikes out swinging
Batting: RHB Michael Carter 0-0: Called Strike
0-1: Called Strike
0-2: Ball
1-2: Ball
2-2: Fly out, F9 (Flyball, 9S)
Batting: LHB José Soriano 0-0: Swinging Strike
0-1: Called Strike
0-2: Strikes out swinging
Bottom of the 6th over - 0 runs, 0 hits, 0 errors, 0 left on base; Syracuse 3 - York 6
TOP OF THE 7TH
Syracuse Storm batting - Pitching for York Revolution : RHP Ricardo Morales
Batting: RHB Miguel Román 0-0: Swinging Strike
0-1: Ground out 5-3 (Groundball, 5)
Batting: RHB Casey Brownlow 0-0: Ball
1-0: Called Strike
1-1: SINGLE (Flyball, 8LS)
Batting: RHB Ricardo Cardona 0-0: Called Strike
0-1: Ball
Wild Pitch!
Casey Brownlow to second
1-1: Swinging Strike
1-2: Ball
2-2: Hit by Pitch
Batting: LHB Mitchell Pate 0-0: Called Strike
0-1: Fly out, F7 (Line Drive, 78D)
Batting: RHB Juan Perales 0-0: Foul Ball, location: 2F
0-1: Fielders Choice at 2nd, 6-4 (Groundball, 6)
Top of the 7th over - 0 runs, 1 hit, 0 errors, 2 left on base; Syracuse 3 - York 6
BOTTOM OF THE 7TH
York Revolution batting - Pitching for Syracuse Storm : RHP Donnie Rawling
Batting: RHB Stephen Warren 0-0: Fly out, F7 (Line Drive, 7LD)
Batting: RHB Tome Uso 0-0: Ball
1-0: Ball
2-0: Ground out 3-1 (Groundball, 34)
Batting: RHB Rich Stevens 0-0: Ball
1-0: Swinging Strike
1-1: Ground out 5-3 (Groundball, 56)
Bottom of the 7th over - 0 runs, 0 hits, 0 errors, 0 left on base; Syracuse 3 - York 6
TOP OF THE 8TH
Syracuse Storm batting - Pitching for York Revolution : RHP Ricardo Morales
Batting: LHB Tom Burton 0-0: Ball
1-0: Called Strike
1-1: Foul Ball, location: 2F
1-2: Fly out, F8 (Flyball, 8LD)
Batting: RHB Sadakuno Hashimoto 0-0: Ball
1-0: Called Strike
1-1: Foul Ball, location: 2F
1-2: Hit by Pitch
Batting: LHB Seung-min Sin 0-0: Fly out, F3 (Line Drive, 3)
Batting: RHB Adrián Medina 0-0: Ball
1-0: Called Strike
1-1: DOUBLE (Line Drive, 5D)
Sadakuno Hashimoto to third
Runner from 3rd tries for Home, SAFE, no throw
Batting: RHB Miguel Román 0-0: Called Strike
0-1: SINGLE (Line Drive, 7S)
Adrián Medina to third
Runner from 3rd tries for Home, SAFE, throw made home
Miguel Román to second
Pitching: RHP Júlio Justiniano
Batting: RHB Casey Brownlow 0-0: Called Strike
0-1: Ball
1-1: Ball
2-1: Foul Ball, location: 2F
2-2: Strikes out swinging
Top of the 8th over - 2 runs, 2 hits, 0 errors, 1 left on base; Syracuse 5 - York 6
BOTTOM OF THE 8TH
York Revolution batting - Pitching for Syracuse Storm : RHP Donnie Rawling
Batting: SHB Eric Thomas 0-0: Swinging Strike
0-1: Hit by Pitch
Pitching: RHP Guo-qing Mak
Batting: LHB Luis García 0-0: Ball
1-0: Ball
2-0: Swinging Strike
2-1: Foul Ball, location: 2F
2-2: Foul Ball, location: 2F
2-2: TRIPLE (Line Drive, 8LXD)
Eric Thomas scores
Batting: LHB Jack MacOmish 0-0: Intentional Walk
Batting: RHB Juan Mateo 0-0: Called Strike
0-1: Ball
Wild Pitch!
Luis García scores
Jack MacOmish to second
1-1: Ball
2-1: Foul Ball, location: 2F
2-2: Foul Ball, location: 2F
2-2: Ball
3-2: Fly out, F8 (Flyball, 89D)
Runner from 2nd tags up, SAFE at 3rd, no throw
Batting: RHB Michael Carter 0-0: Intentional Walk
Batting: LHB José Soriano 0-0: Called Strike
Michael Carter steals 2nd base
0-1: Swinging Strike
0-2: Strikes out swinging
Batting: RHB Stephen Warren 0-0: Ground out 6-3 (Groundball, 6)
Bottom of the 8th over - 2 runs, 1 hit, 0 errors, 2 left on base; Syracuse 5 - York 8
TOP OF THE 9TH
Syracuse Storm batting - Pitching for York Revolution : RHP Júlio Justiniano
Pitching: RHP Júlio Antunez
Batting: RHB Ricardo Cardona 0-0: Foul Ball, location: 2F
0-1: Fly out, F7 (Flyball, 78S)
Batting: LHB Mitchell Pate 0-0: Ball
1-0: Ball
2-0: Ball
3-0: Called Strike
3-1: Called Strike
3-2: Foul Ball, location: 2F
3-2: Fly out, F4 (Popup, 13)
Batting: RHB Juan Perales 0-0: Fly out, F3 (Popup, 3S)
Top of the 9th over - 0 runs, 0 hits, 0 errors, 0 left on base; Syracuse 5 - York 8
Friday, March 29th, 2019 - OOTP Baseball 18.8 Build 76